 Dungeon Crawl Stone Soup version 0.20-a0-3-g334f831 (webtiles) character file.

8519 JustSomeDude the Cleaver (level 11, -1/84 HPs)
             Began as a Demonspawn Fighter on Oct 29, 2016.
             Was a High Priest of Cheibriados.
             Slain by a ten-headed hydra (4 damage)
             ... on level 11 of the Dungeon on Oct 30, 2016.
             The game lasted 00:45:25 (9555 turns).

JustSomeDude the Cleaver (Demonspawn Fighter)       Turns: 9555, Time: 00:45:26

Health: -1/84      AC:  9    Str: 33    XL:     11   Next: 11%
Magic:  17/20      EV: 23    Int: 25    God:    Cheibriados [*****.]
Gold:   851        SH: 15    Dex: 37    Spells: 0 memorised, 10 levels left

rFire  . . .     SeeInvis .     a - +1 war axe
rCold  + . .     Gourm    .     W - +0 troll leather armour
rNeg   . . .     Faith    .     c - +0 shield
rPois  .         Spirit   .     (helmet restricted)
rElec  .         Reflect  .     N - +0 cloak {MR+}
rCorr  .         Harm     .     t - +0 pair of gloves
MR     .....                    (no boots)
Stlth  ++++......               F - amulet of regeneration
                                M - +4 ring of evasion
                                d - ring of Sustiot {*Drain MR- MP+9 Int+2 Dex+7}

@: agile, very slow
A: horns 2, iridescent scales 1, cold resistance 1, mutation resistance 1,
powered by pain 1, freezing cloud immunity
a: Bend Time, Temporal Distortion, Slouch, Step From Time, Renounce Religion


You were on level 11 of the Dungeon.
You worshipped Cheibriados.
Cheibriados was extremely pleased with you.
You were not hungry.

You visited 2 branches of the dungeon, and saw 12 of its levels.
You also visited: Sewer and Ossuary.

You collected 851 gold pieces.

Inventory:

Hand Weapons
 a - a +1 war axe (weapon)
Missiles
 b - 4 tomahawks (quivered)
Armour
 c - a +0 shield (worn)
 t - a +0 pair of gloves (worn)
 A - a +0 chain mail
 N - a +0 cloak of magic resistance (worn)
 W - a +0 troll leather armour (worn)
Jewellery
 d - the ring of Sustiot (left hand) {*Drain MR- MP+9 Int+2 Dex+7}
   (You found it in a sewer)

   [ring of magical power]

   It affects your intelligence (+2).
   It affects your dexterity (+7).
   It affects your resistance to hostile enchantments.
   It affects your magic capacity (+9).
   It causes draining when unequipped.
 n - an uncursed ring of positive energy
 v - a +3 amulet of reflection
 F - an amulet of regeneration (around neck)
 M - a +4 ring of evasion (right hand)
Wands
 i - a wand of polymorph (9/24)
 O - a wand of flame (33/48)
 Q - a wand of digging (9/24)
 R - a wand of disintegration (18/24)
 S - a wand of lightning (6/15)
Scrolls
 e - 5 scrolls of teleportation
 g - 15 scrolls of identify
 h - 4 scrolls of remove curse
 j - 2 scrolls of blinking {unknown}
 k - 6 scrolls of recharging
 o - a scroll of fear {unknown}
 q - 2 scrolls of noise {unknown}
 r - a scroll of magic mapping {unknown}
 u - 2 scrolls of immolation {unknown}
 w - 2 scrolls of enchant weapon
 y - 2 scrolls of fog {unknown}
 C - a scroll of random uselessness {unknown}
 P - a scroll of enchant armour {unknown}
 T - a scroll of acquirement {unknown}
Potions
 s - 3 potions of lignification
 B - 2 potions of flight
 D - a potion of degeneration {unknown}
 E - 3 potions of magic {unknown}
 H - 2 potions of might
 I - 4 potions of curing
 J - 2 potions of agility {unknown}
 K - a potion of cure mutation {unknown}
 L - a potion of brilliance
Books
 z - a book of Cantrips

   Spells                             Type                      Level
   a - Confusing Touch                Hexes                        1
   b - Animate Skeleton               Necromancy                   1
   c - Summon Small Mammal            Summoning                    1
   d - Apportation                    Translocation                1
Miscellaneous
 X - a lamp of fire
Comestibles
 f - 14 bread rations
 l - 8 beef jerkies
 m - 2 meat rations
 p - 3 slices of pizza
 x - a royal jelly
 U - 3 fruits


   Skills:
 + Level 7.3 Fighting
 + Level 10.7 Axes
 + Level 6.9 Armour
 + Level 3.1 Dodging
 + Level 1.1 Stealth
 + Level 7.6 Shields


You had 10 spell levels left.
You didn't know any spells.

Dungeon Overview and Level Annotations

Branches:
Dungeon (11/15)            Temple (1/1) D:4             Orc (0/2) D:9
   Lair: D:8-11

Altars:
Ashenzari
Cheibriados
Dithmenos
Elyvilon
Fedhas
Gozag
Hepliaklqana
Kikubaaqudgha
Makhleb
Nemelex Xobeh
Okawaru
Qazlal
Ru
Sif Muna
Trog
Uskayaw
Vehumet
Xom
Yredelemnul
Zin
The Shining One
Beogh


Innate Abilities, Weirdness & Mutations

You have a pair of horns on your head.
You are partially covered in iridescent scales. (AC +2)
Your flesh is cold resistant. (rC+)
You sometimes gain a little power by taking damage.
You are immune to freezing clouds.
You are somewhat resistant to further mutation.


Message History

* * * LOW HITPOINT WARNING * * *
You focus on the pain.
You feel agile all of a sudden.
Unknown command.
Unknown command.
Unknown command.
Unknown command.
Unknown command.
Unknown command.
Unknown command.
Unknown command.
Okay, then.
Welcome back, JustSomeDude the Demonspawn Fighter.
Cheibriados says: Take it easy.
Press ? for a list of commands and other information.
The flow of time bends around you.
The cyan ugly thing easily resists.
The ten-headed hydra easily resists.
You feel slightly more hungry.
The cyan ugly thing completely misses you.
The ten-headed hydra bites you.
You die...

...........#.........
....#..##............
.#...####........#...
. ###.# #...........
.. ## ##......#.# ...
#...#....## ...D
##........#<>...
##.##.#........
###..†@D....#
#....u.......
#.#...........
#.....#..H.....
#..............
.......##.#.....
........ .#.....
....#.. .......


You could see a ten-headed hydra, a cyan ugly thing, a hippogriff and a steam
dragon (wandering).

Vanquished Creatures
  An unseen horror (D:10)
  A troll (D:11)
  5 hippogriffs
  A meliai zombie (D:9)
  Prince Ribbit (D:9)
  Sigmund (D:4)
  2 wyverns (D:10)
  A shadow (D:11)
  A hungry ghost (D:10)
  Menkaure (D:4)
  Edmund (D:4)
  2 ice beasts (D:11)
  A water moccasin (D:8)
  10 orc warriors
  4 ogres (D:8)
  The ghost of feelmyfire the Slasher, an amateur MiFi (D:3)
  A sky beast (D:10)
  A necrophage (D:8)
  A phantom (D:9)
  5 centaurs
  5 crocodiles
  A big kobold (D:8)
  3 bullfrogs
  A water moccasin skeleton (D:5)
  9 scorpions (Ossuary)
  2 jellies
  4 wights (D:9)
  2 howler monkeys
  2 centaur zombies (Ossuary)
  5 crimson imps
  2 bullfrog zombies
  6 hounds
  Crazy Yiuf (D:6)
  A human zombie (Ossuary)
  5 orc priests
  11 orc wizards
  A bullfrog skeleton (D:10)
  3 iguanas
  Ijyb (D:3)
  Natasha (thrice) (D:3)
  A worker ant (D:10)
  A big kobold zombie (Ossuary)
  A hound zombie (D:6)
  3 mummies (Ossuary)
  A worker ant zombie (D:8)
  14 adders
  3 scorpion zombies (Ossuary)
  2 river rats (D:11)
  An adder zombie (D:5)
  An adder skeleton (D:4)
  3 worms
  3 dart slugs
  4 leopard geckos
  74 orcs
  A ball python (D:2)
  8 giant cockroaches
  2 gnoll zombies (Ossuary)
  7 hobgoblins
  7 jackals
  7 kobolds
  5 quokkas
  21 bats
  3 frilled lizards (D:2)
  7 goblins
  2 goblin zombies (Ossuary)
  3 hobgoblin zombies (Ossuary)
  3 kobold zombies (Ossuary)
  An orc zombie (Ossuary)
  2 quokka zombies
  17 rats
318 creatures vanquished.

Vanquished Creatures (others)
  2 fungi (D:11)
2 creatures vanquished.

Grand Total: 320 creatures vanquished

Notes
Turn   | Place    | Note
-------+----------+-------------------------------------------
     0 | D:1      | JustSomeDude the Demonspawn Fighter began the quest for the Orb.
     0 | D:1      | Reached XP level 1. HP: 18/18 MP: 1/1
     3 | D:1      | Noticed an electric eel
     3 | D:1      | Noticed an electric eel
    58 | D:1      | Reached skill level 2 in Axes
   106 | D:1      | Gained mutation: Your flesh is cold resistant. (rC+) [demonic ancestry]
   106 | D:1      | Reached XP level 2. HP: 24/24 MP: 2/2
   659 | D:2      | Reached XP level 3. HP: 23/29 MP: 3/3
  1009 | D:2      | Reached XP level 4. HP: 12/35 MP: 4/4
  1426 | D:2      | Reached skill level 3 in Axes
  1897 | D:3      | Found a glowing drain.
  2026 | Sewer    | Entered a sewer
  2033 | Sewer    | Gained mutation: You are partially covered in iridescent scales. (AC +2) [demonic ancestry]
  2033 | Sewer    | Reached XP level 5. HP: 41/41 MP: 5/5
  2066 | Sewer    | Noticed a crocodile
  2073 | Sewer    | Killed a crocodile
  2087 | Sewer    | Got a warped bone ring
  2101 | Sewer    | Identified the ring of Sustiot {*Drain MR- MP+9 Int+2 Dex+7} (You found it in a sewer)
  2217 | D:3      | Reached skill level 4 in Axes
  2336 | D:3      | Gained mutation: You sometimes gain a little power by taking damage. [demonic ancestry]
  2336 | D:3      | Reached XP level 6. HP: 42/47 MP: 6/6
  2463 | D:3      | Noticed Natasha
  2474 | D:3      | Killed Natasha
  2524 | D:3      | Noticed Ijyb
  2537 | D:3      | Killed Ijyb
  2666 | D:3      | Noticed feelmyfire's ghost (amateur MiFi)
  3040 | D:3      | Noticed Natasha
  3051 | D:3      | Killed Natasha
  3139 | D:4      | Noticed Menkaure
  3166 | D:3      | Noticed Natasha
  3178 | D:3      | Killed Natasha
  3184 | D:3      | Killed feelmyfire's ghost
  3184 | D:3      | Reached skill level 1 in Dodging
  3198 | D:4      | Noticed Edmund
  3212 | D:4      | Killed Edmund
  3212 | D:4      | Reached skill level 5 in Axes
  3212 | D:4      | Reached XP level 7. HP: 19/53 MP: 7/7
  3356 | D:4      | Found a shimmering altar of Xom.
  3438 | D:4      | Found an ancient bone altar of Kikubaaqudgha.
  3441 | D:4      | Found a shimmering altar of Xom.
  3527 | D:4      | Found a staircase to the Ecumenical Temple.
  3536 | Temple   | Entered the Ecumenical Temple
  3716 | D:4      | Killed Menkaure
  3905 | D:4      | Found a hazy altar of Hepliaklqana.
  4144 | D:4      | Noticed Sigmund
  4223 | D:4      | Killed Sigmund
  4223 | D:4      | Gained mutation: You have a pair of small horns on your head. [demonic ancestry]
  4223 | D:4      | Reached XP level 8. HP: 29/60 MP: 8/8
  4523 | D:5      | Entered Level 5 of the Dungeon
  4535 | D:5      | Reached skill level 6 in Axes
  5010 | D:6      | Found a sand-covered staircase.
  5048 | Ossuary  | Entered an ossuary
  5207 | Ossuary  | Reached skill level 7 in Axes
  5321 | Ossuary  | Reached skill level 5 in Armour
  5324 | Ossuary  | Reached skill level 5 in Fighting
  5657 | D:6      | Found a sparkling altar of Nemelex Xobeh.
  5657 | D:6      | Found an opulent altar of Gozag.
  5906 | D:6      | Reached skill level 5 in Shields
  5906 | D:6      | Reached XP level 9. HP: 61/68 MP: 9/9
  5971 | D:6      | Found a runed door.
  6063 | D:6      | Found a faded altar of an unknown god.
  6063 | D:6      | Found a blossoming altar of Fedhas.
  6068 | D:6      | Found a faded altar of an unknown god.
  6072 | D:6      | Found a faded altar of an unknown god.
  6074 | D:6      | Found a faded altar of an unknown god.
  6236 | D:6      | Noticed Crazy Yiuf
  6239 | D:6      | Killed Crazy Yiuf
  6327 | D:6      | Became a worshipper of Cheibriados the Contemplative
  6327 | D:6      | Reached * piety under Cheibriados
  6385 | D:7      | Reached skill level 8 in Axes
  6475 | D:7      | Reached skill level 1 in Stealth
  6570 | D:7      | Found a shadowy altar of Dithmenos.
  6655 | D:7      | Reached ** piety under Cheibriados
  7152 | D:8      | Reached skill level 9 in Axes
  7364 | D:8      | Found a sacrificial altar of Ru.
  7364 | D:8      | Found an iron altar of Okawaru.
  7395 | D:8      | Gained mutation: You have a pair of horns on your head. [demonic ancestry]
  7395 | D:8      | Reached XP level 10. HP: 76/76 MP: 10/10
  7429 | D:8      | Reached *** piety under Cheibriados
  7467 | D:8      | Found a roughly hewn altar of Beogh.
  7592 | D:8      | Found a bloodstained altar of Trog.
  7971 | D:9      | Reached **** piety under Cheibriados
  8071 | D:9      | Noticed Prince Ribbit
  8077 | D:9      | Killed Prince Ribbit
  8165 | D:9      | Found a staircase to the Orcish Mines.
  8552 | D:9      | Reached ***** piety under Cheibriados
  8552 | D:9      | Reached skill level 10 in Axes
  8744 | D:10     | Entered Level 10 of the Dungeon
  8888 | D:10     | Killed an unseen horror
  9007 | D:10     | Gained mutation: You regenerate slowly when monsters are visible. [mutagenic meat]
  9008 | D:10     | Lost mutation: You regenerate slowly when monsters are visible. [mutagenic meat]
  9009 | D:10     | Gained mutation: You are somewhat resistant to further mutation. [mutagenic meat]
  9341 | D:11     | Gained mutation: You are immune to freezing clouds. [demonic ancestry]
  9341 | D:11     | Reached XP level 11. HP: 67/84 MP: 11/11
  9544 | D:11     | Noticed a cyan ugly thing
  9551 | D:11     | Noticed an eight-headed hydra
  9554 | D:11     | HP: 2/84 [cyan ugly thing (17)]
  9555 | D:11     | Upgraded the game from 0.20-a0-2-g2b0e13a to 0.20-a0-3-g334f831
  9555 | D:11     | Slain by a ten-headed hydra

Vault maps used:
D:1:      arrival_aquarium_b
D:3:      portal_sewer_entry_a, uniq_iyjb, uniq_natasha
D:4:      grunt_temple_overflow_open, kennysheep_mini, first_bread,
          xom_teletrap_fun, uniq_menkaure, uniq_sigmund, uniq_edmund
D:6:      grunt_temple_overflow_opulence, chequers_temple_overflow_minitemple,
          enter_ossuary_1, uniq_crazy_yiuf_cottage
D:7:      cheibrodos_quashed, nicolae_dithmenos_the_darkroom
D:8:      amethyst_overflow_temple_binary, special_room, grunt_ogre_cave,
          trog_three_pillars_becter
D:9:      hiddenorc1_lemuel, nooodl_food_tri, uniq_prince_ribbit1
D:11:     grunt_lair_entry_orc_guard_hut
Temple:   nicolae_temple_hex_pool
Sewer:    sewer_big_baddie
Ossuary:  ossuary_minmay_scorpions

Skill      XL: |  1  2  3  4  5  6  7  8  9 10 |
---------------+-------------------------------+-----
Axes           | 2 3 4 5 7 9 10 | 10.7
Armour         | 3 4 5 6 |  6.9
Shields        | 3 4 5 6 7 |  7.6
Dodging        | 1 2 3 |  3.1
Fighting       | 4 5 6 7 |  7.3
Stealth        | 1 |  1.1

Action                   |  1- 3 |  4- 6 |  7- 9 | 10-12 || total
-------------------------+-------+-------+-------+-------++-------
Melee: War axe           |   107 |   224 |   441 |   237 ||  1009
       Headbutt          |       |       |    98 |    65 ||   163
Invok: Bend Time         |       |       |       |     1 ||     1
  Use: Potion            |       |     5 |     8 |     4 ||    17
       Scroll            |       |       |     4 |       ||     4
 Stab: Sleeping          |       |     1 |       |     1 ||     2
  Eat: Chunk             |     1 |     1 |    10 |    11 ||    23
       Meat ration       |       |     1 |       |       ||     1
       Fruit             |       |       |     2 |       ||     2
       Beef jerky        |       |       |     1 |       ||     1
Armor: Scale mail        |    53 |   110 |    99 |       ||   262
       Skin              |       |       |    19 |     2 ||    21
       Chain mail        |       |       |    56 |    80 ||   136
       Troll leather arm |       |       |       |    16 ||    16
Dodge: Dodged            |    35 |    82 |   109 |    97 ||   323
Block: Shield            |    63 |   134 |   243 |   176 ||   616
